[Event "*** Titled Tuesday Blitz"]
[Site "Chess.com"]
[Date "2019.04.02"]
[Round "2"]
[White "Taron_Shagbazyan"]
[Black "PowerThinking2650"]
[Result "1/2-1/2"]
[WhiteElo "2725"]
[BlackElo "2377"]
[TimeControl "180+2"]
[EndTime "14:24:45 PDT"]
[Termination "Game drawn by agreement"]

1. d4 Nf6 2. c4 g6 3. g3 Bg7 4. Bg2 O-O 5. e3 c5 6. Ne2 cxd4 7. exd4 d5 8. cxd5 Nxd5 9. h3 Nc6 10. O-O Bf5 11.
a3 h5 12. Re1 Qd7 13. Kh2 Rfd8 14. Bg5 Rac8 15. Nbc3 Nxc3 16. bxc3 Na5 17. a4 Re8 18. Ra3 Qd6 19. Ra2 b6 20. Qd2 Nc4 21. Qc1 e5 22. Rd1 e4 23. Bf4 Qd7 24. Re1 Be6 25. Ra1 Bd5 26.
Qc2 f5 27. g4 hxg4 28. hxg4 Kf7 29. Ng3 Rh8+ 30. Kg1 Na5 31. gxf5 gxf5 32. Qe2 Rxc3 33.
Rac1 Bxd4 34. Rcd1 Bc4 35. Qd2 Rd3 36. Qc1 Be6 37.
Rxd3 exd3 38. Qd1 Bc4 39. Be5 Re8 40. Bxd4 Rxe1+ 41. Qxe1 Qxd4 42. Nxf5 Qf4 43. Ne3 Be6 44. Qc3 Nc4 45. Qxd3 Nxe3 46. fxe3 Qe5 47. Qh7+ Kf6 48. Qh6+ Ke7 49. Bf3 Qg3+ 50. Bg2 Kd6 51. Qf4+ Qxf4 52. exf4 Bd7 53. Kf2 Bxa4 54. Ke3 Bd7 55. Kd4 a5 56. Be4 b5 57. Bd3 b4 58. Bc2 Bc8 59. f5 Bxf5 60.
Bxf5 a4 61. Kc4 b3 1/2-1/2

[Event "*** Titled Tuesday Blitz"]
[Site "Chess.com"]
[Date "2019.04.02"]
[Round "2"]
[White "cholzan"]
[Black "ilm2034"]
[Result "1-0"]
[WhiteElo "2464"]
[BlackElo "2417"]
[TimeControl "180+2"]
[EndTime "14:24:45 PDT"]
[Termination "cholzan won by checkmate"]

1. d4 Nf6 2. c4 e6 3. Nc3 Bb4 4. e3 c5 5. Ne2 d5 6. cxd5 exd5 7.
a3 Bxc3+ 8. Nxc3 Nbd7 9. dxc5 Nxc5 10. Bb5+ Bd7 11. O-O O-O 12. b4 Nce4 13. Nxe4 Bxb5 14. Nxf6+ Qxf6 15. Rb1 Bxf1 16. Qxf1 Rac8 17. Bb2 Qf5 18. Rd1 Rc2 19. Bd4 a6 20. h3 Rfc8 21. Bc5 h5 22. Qe1 Rc6 23. Rd2 Rxd2 24. Qxd2 b6 25. Bd4 Rc2 26. Qd1 b5 27. Qe1 Qd3 28. Kh2 Qxa3 29. Qd1 Rxf2 30. Qxh5 Qd3 31. Qxd5 Qf5 32. Qd8+ Kh7 33.
Qh4+ Kg6 34. Qg3+ Kh5 35. Qxg7 Qg6 36. Qh8+ Kg5 37. Qe5+ Rf5 38. Qe7+ f6 39. e4 Rf1 40. Be3+ Kh5 41. Qd8 Qg7 42. Qd3 Ra1 43. Qe2+ Kg6 44. Qg4+ Kf7 45. Qd7+ Kg8 46. Qc8+ Qf8 47. Qe6+ Qf7 48.
Qf5 Ra2 49. Bf4 Rc2 50. Bg3 Kg7 51. e5 fxe5 52. Qxc2 Kf8 53. Bxe5 Qe6 54. Bf4 Qf6 55. Qc5+ Ke8 56. Qc8+ Kf7 57. Qc7+ Kg8 58. Be5 Qg5 59. Qc3 Qf5 60. Qg3+ Kf8 61. Qf4 Qxf4+ 62. Bxf4 Kf7 63.
Bc7 Ke6 64. g4 Kd7 65. Ba5 Ke6 66. Kg3 Kf6 67. Kf4 Kg6 68. h4 Kg7 69. h5 Kg8 70. g5 Kh8 71. Kf5 Kg8 72. g6 Kh8 73. h6 Kg8 74.
Bb6 Kf8 75. Bd4 Ke7 76. h7 Kd6 77. h8=Q Kd5 78. Qe5+ Kc4 79. Qc5+ Kb3 80. Qc3+ Ka4 81. Qc2+ Kxb4 82. Bc5+ Ka5 83. Qc3+ b4 84. Qxb4# 1-0

[Event "*** Titled Tuesday Blitz"]
[Site "Chess.com"]
[Date "2019.04.02"]
[Round "2"]
[White "Beawuids"]
[Black "Maili15"]
[Result "1/2-1/2"]
[WhiteElo "2359"]
[BlackElo "2274"]
[TimeControl "180+2"]
[EndTime "14:24:48 PDT"]
[Termination "Game drawn by stalemate"]

1. e4 c5 2. Nf3 d6 3. Bb5+ Nd7 4. d4 cxd4 5. Nxd4 a6 6. Bc4 Ngf6 7. Nc3 g6 8. Qe2 Bg7 9. Bxf7+ Kxf7 10. Qc4+ d5 11. Nxd5 Ne5 12. Qb3 Nxd5 13. exd5 Qd6 14. O-O Rd8 15.
c4 Bf5 16. Bf4 Rac8 17. Rac1 Qc5 18. Nxf5 gxf5 19. Qh3 Kg8 20. Qxf5 Ng6 21. Be3 Qd6 22. Rc2 Rf8 23. Qe4 Qe5 24. Qd3 Nf4 25. Bxf4 Rxf4 26. Re2 Qg5 27. b3 Rg4 28. g3 Rd4 29. Qc2 Rf8 30.
Rfe1 Bf6 31. Re4 Rd2 32. Qc1 Rxf2 33. Qxg5+ Bxg5 34. Rg4 Rxa2 35. Rxg5+ Kf7 36. Rf5+ Ke8 37. Rxf8+ Kxf8 38. c5 Rc2 39. d6 exd6 40. cxd6 Rd2 41. Re6 b5 42. d7 Rxd7 43. Rxa6 Rd3 44. Kg2 Rxb3 45. Ra7 Kg8 46. h4 Rb2+ 47. Kh3 b4 48.
Rb7 b3 49. Kg4 Rb1 50. Kg5 b2 51. g4 Kf8 52. Kh6 Rg1 53. Rb8+ Kf7 54. Rxb2 Rxg4 55. h5 Kf6 56. Rb6+ Kf7 57. Rb7+ Kf8 58. Kxh7 Rh4 59.
h6 Rg4 60. Rg7 Rh4 61. Kg6 Rg4+ 62. Kf6 Rf4+ 63. Kg6 Rg4+ 64. Kf6 Rxg7 65. hxg7+ Kg8 66. Kg6 1/2-1/2

[Event "*** Titled Tuesday Blitz"]
[Site "Chess.com"]
[Date "2019.04.02"]
[Round "2"]
[White "Slovak_fighter2000"]
[Black "2nd_life"]
[Result "0-1"]
[WhiteElo "2469"]
[BlackElo "2447"]
[TimeControl "180+2"]
[EndTime "14:24:50 PDT"]
[Termination "2nd_life won by checkmate"]

1. d4 Nf6 2. Bf4 e6 3. Nf3 Bd6 4.
Bg3 Bxg3 5. hxg3 c5 6. c3 Qb6 7. Qb3 d5 8. e3 Nc6 9. Nbd2 Bd7 10. Bd3 c4 11. Qxb6 axb6 12. Bc2 b5 13. O-O b4 14.
e4 O-O 15. exd5 exd5 16. Rfe1 b5 17. Ne5 Rfd8 18. Nxc6 Bxc6 19. cxb4 Re8 20. a3 Kf8 21. Kf1 h5 22. Rxe8+ Rxe8 23. Re1 Ne4 24. Bxe4 dxe4 25. Nb1 Rd8 26. Rd1 f5 27. Nc3 Kf7 28. d5 Bd7 29. Ke2 Kf6 30. Ke3 g5 31. Kd4 Rc8 32. f3 exf3 33. gxf3 h4 34. gxh4 gxh4 35. f4 Kg6 36. Rg1+ Kh5 37. Rg7 Be8 38. d6 Rd8 39. Ke5 h3 40. Nd5 Bg6 41. Ne7 h2 42. Nxg6 Kh6 43. Nh4 Re8+ 44. Re7 Rf8 45. Nxf5+ Rxf5+ 46. Kxf5 h1=Q 47. Ke6 Qc6 48. f5 Qe4+ 49. Kf6 Qd4+ 50. Ke6 Qe4+ 51. Kf6 Qd4+ 52. Ke6 Qe4+ 53. Kd7 Qxf5+ 54.
Kc6 Qf3+ 55. Kxb5 c3 56. bxc3 Qd5+ 57. Ka4 Qxd6 58. Ra7 Qd5 59. Ra6+ Kg7 60. Rb6 Kf7 61. Rb5 Qc6 62. Ka5 Qa8+ 63. Kb6 Qxa3 64. c4 Ke7 65. Kc5 Kd7 66. Rb7+ Kc8 67. Rb6 Qe3+ 68. Kb5 Qe8+ 69. Kc5 Kc7 70. Rb5 Qe5# 0-1

[Event "*** Titled Tuesday Blitz"]
[Site "Chess.com"]
[Date "2019.04.02"]
[Round "2"]
[White "Karina_Oparina"]
[Black "northridgehawk"]
[Result "1-0"]
[WhiteElo "2238"]
[BlackElo "2210"]
[TimeControl "180+2"]
[EndTime "14:24:58 PDT"]
[Termination "Karina_Oparina won by resignation"]

1. Nf3 Nf6 2. g3 g6 3. Bg2 Bg7 4. O-O O-O 5. c4 d5 6. cxd5 Nxd5 7. Nc3 Nb6 8. e4 Nc6 9. b3 e5 10. Bb2 h6 11. Nd5 Bg4 12. h3 Be6 13. Ne3 Nd4 14. Nxd4 exd4 15. Ng4 h5 16. Nh2 Qd7 17. h4 Bh3 18. d3 Bxg2 19. Kxg2 a5 20. a4 Qe6 21. Nf3 c5 22. Rc1 Nd7 23. Ba3 b6 24. Nd2 f5 25.
f4 Nf6 26. Qf3 Ng4 27. Nc4 fxe4 28. Qxe4 Rae8 29. Rfe1 Qf7 30. Qf3 Kh7 31. Nd6 Qxb3 32. Nxe8 Ne3+ 33. Rxe3 dxe3 34. Nxg7 Qxa3 35. Ne6 Qxc1 36.
Nxf8+ Kg8 37. Nxg6 Qd2+ 38. Kh3 Qxd3 39. Ne5 Qf5+ 40.
Kh2 Qc2+ 41. Kh3 e2 42. Qd5+ Kh8 43. Qd8+ Kg7 44. Qe7+ Kh8 45. Qf6+ Kg8 46. Qf7+ Kh8 47. Qxh5+ Kg8 48. Qe8+ Kg7 49. Qe7+ Kg8 50. Qe6+ Kg7 51. Qf7+ Kh8 52. Ng6+ Qxg6 53. Qxg6 e1=Q 54. Qxb6 Qf1+ 55. Kg4 Qd1+ 56. Kg5 Qxa4 57. Kh6 Kg8 58. Qg6+ Kf8 59. Qd6+ Ke8 60. Qxc5 Qb4 61. Qe5+ Kd7 62. f5 a4 63. f6 a3 64. f7 a2 65. Qe8+ Kc7 66. f8=Q Qxf8+ 67. Qxf8 a1=Q 68. Qg7+ Qxg7+ 69. Kxg7 Kd7 70. h5 1-0

[Event "*** Titled Tuesday Blitz"]
[Site "Chess.com"]
[Date "2019.04.02"]
[Round "2"]
[White "ChessQueen"]
[Black "sergiochess83"]
[Result "1/2-1/2"]
[WhiteElo "2678"]
[BlackElo "2728"]
[TimeControl "180+2"]
[EndTime "14:24:59 PDT"]
[Termination "Game drawn by agreement"]

1. e4 e5 2. Nf3 Nc6 3. Bc4 Bc5 4. d3 Nf6 5. Bg5 h6 6. Bh4 Be7 7. Bg3 d6 8. a4 O-O 9. O-O Be6 10. Bxe6 fxe6 11.
c3 Qe8 12. Qb3 Qd7 13. Nbd2 Nh5 14. d4 Nxg3 15. hxg3 exd4 16. Nxd4 Nd8 17. N2f3 c5 18. Ne2 Qc6 19. Nf4 Rxf4 20. gxf4 Qxe4 21. Qb5 Qxf4 22. Qd7 Qf7 23. a5 Bf8 24. Qb5 a6 25. Qb3 Nc6 26. Rfe1 Re8 27. Re3 d5 28. Rae1 Bd6 29.
Qa2 e5 30. Nd2 e4 31. c4 Bf4 32. cxd5 Bxe3 33. Rxe3 Nb4 34. Qc4 Qxd5 35. Qxd5+ Nxd5 36. Rxe4 Rd8 37. Nc4 Kf7 38. g3 g5 39. Kg2 Kf6 40. Re1 Ne7 41. Rh1 Nf5 42. Rc1 Rd4 43. Nb6 Rb4 44. Rxc5 Rxb2 45. Rc7 g4 46. Rxb7 Ra2 47.
Nd5+ Ke5 48. Nf4 Rxa5 49. Rb6 Nh4+ 50. gxh4 Kxf4 51. Rxh6 Ra2 52. Rf6+ Ke5 53. Rf8 a5 54. h5 Ra3 55. Ra8 Kf6 56. h6 Kg6 57. Ra6+ Kh7 58. Kh2 a4 59. Kg2 Ra1 60. Kg3 a3 61. Kxg4 a2 62. Kf3 Rc1 63. Rxa2 Kxh6 64. Ra7 Kg5 65. Ra5+ Kf6 1/2-1/2

[Event "*** Titled Tuesday Blitz"]
[Site "Chess.com"]
[Date "2019.04.02"]
[Round "2"]
[White "DACF2905"]
[Black "GremioPrudente"]
[Result "1/2-1/2"]
[WhiteElo "2076"]
[BlackElo "2063"]
[TimeControl "180+2"]
[EndTime "14:24:59 PDT"]
[Termination "Game drawn - insufficient material"]

1. e4 e6 2. d4 d5 3. Nc3 Nf6 4.
e5 Nfd7 5. f4 c5 6. Nf3 Nc6 7.
Be3 cxd4 8. Nxd4 Bc5 9. Qd2 O-O 10. O-O-O a6 11. Qf2 Nxd4 12. Bxd4 b6 13. Bd3 Bb7 14. Kb1 Rc8 15. Ne2 Qe7 16. g4 Rc7 17. f5 Nxe5 18. f6 gxf6 19. Qh4 Ng6 20. Qxf6 Qxf6 21. Bxf6 Bd6 22.
h4 Be7 23. Bd4 Bc5 24. h5 Ne7 25. Be5 Rcc8 26. Bf6 Nc6 27. c3 Be7 28. g5 e5 29.
Bf5 Rc7 30. Rhg1 Bc8 31. Bxc8 Rfxc8 32. Rxd5 Bxf6 33. gxf6+ Kh8 34. Rg7 Rd8 35. Rxd8+ Nxd8 36. Ng3 Rc6 37. Ne4 Re6 38. Rg2 Nc6 39. h6 Re8 40. Nd6 Rf8 41. Kc2 Nd8 42. Kd3 Ne6 43. Ke4 Nf4 44.
Rg7 Ne6 45. Nxf7+ Rxf7 46. Rxf7 Ng5+ 47. Kxe5 Nxf7+ 48. Ke6 Kg8 49. Kd5 Nxh6 50. Kc6 Nf7 51. Kxb6 h5 52. c4 h4 53. c5 h3 54. c6 h2 55. c7 Nd6 56. Kc6 Nc8 57. Kb7 Nd6+ 58. Kc6 Nc8 59. Kd7 Nb6+ 60. Ke8 h1=Q 61. f7+ Kh7 62. f8=Q Qc6+ 63. Kf7 Qxc7+ 64. Qe7 Qxe7+ 65. Kxe7 Nc4 66. b3 Ne3 67. Kd6 Nc2 68. Kc5 a5 69.
Kb5 Nb4 70. a3 Nc2 71. Ka4 Kg7 72. Kxa5 Nxa3 73. Kb4 Nc2+ 74. Kc3 Ne3 75. Kd4 Nf5+ 76. Ke5 Ne7 77. Kd6 Kf8 78. Kd7 Nd5 79. Kd6 Nb4 80. Kc5 Nc2 81. Kc4 Ke8 82. Kc3 Na3 83. b4 Kd8 84. Kb3 Nb5 85. Kc4 Nc7 86. Kc5 Kc8 87.
Kb6 Kb8 88. b5 Nxb5 1/2-1/2

[Event "*** Titled Tuesday Blitz"]
[Site "Chess.com"]
[Date "2019.04.02"]
[Round "2"]
[White "Msb2"]
[Black "Miguelito"]
[Result "0-1"]
[WhiteElo "2824"]
[BlackElo "2612"]
[TimeControl "180+2"]
[EndTime "14:25:01 PDT"]
[Termination "Miguelito won by checkmate"]

1. d4 Nf6 2. c4 e6 3. Nc3 Bb4 4. e3 O-O 5. Bd2 d5 6. Nf3 b6 7. cxd5 exd5 8. Rc1 c5 9. a3 Bxc3 10. Bxc3 c4 11. a4 a6 12. Be2 Nc6 13. b3 b5 14.
bxc4 bxc4 15. Nd2 Bf5 16. g4 Bg6 17. h4 h6 18. g5 hxg5 19. hxg5 Nh7 20. f4 Re8 21.
Kf2 Qe7 22. Rh3 Bf5 23. Bg4 Qe6 24. Bxf5 Qxf5 25. Qh5 f6 26. g6 Qxh5 27. Rxh5 Nf8 28. Rxd5 Nxg6 29. Nxc4 Nce7 30. Rc5 Nf8 31. Nb6 Rab8 32.
a5 Ne6 33. Rc4 Nf5 34. Bb4 Nd8 35. Rc8 Nf7 36. Rxb8 Rxb8 37. Rc8+ Rxc8 38. Nxc8 Nd8 39. Bc5 Nc6 40. d5 Nxa5 41. e4 Nb7 42. Ba3 Nd4 43. e5 fxe5 44. fxe5 Nb5 45. Bb2 Nc7 46. Nb6 Kf7 47.
Ke3 g5 48. Bd4 Nb5 49. Ke4 Nxd4 50. Kxd4 g4 51. e6+ Kf6 52. Nd7+ Ke7 53. Ke5 g3 54. Nf6 g2 55. d6+ Nxd6 56. Nd5+ Kf8 57. e7+ Kf7 58.
Kxd6 g1=Q 59. Kd7 Qg4+ 60. Kd6 Qe6+ 61. Kc5 a5 62. Kd4 a4 63. e8=Q+ Qxe8 64. Nc3 Qe7 65. Nxa4 Qh4+ 66. Kc5 Qxa4 67. Kb6 Qc2 68. Kb5 Ke6 69.
Kb4 Kd5 70. Ka3 Qb1 71. Ka4 Kc5 72. Ka3 Kc4 73. Ka4 Qe1 74. Ka3 Qa1# 0-1

[Event "*** Titled Tuesday Blitz"]
[Site "Chess.com"]
[Date "2019.04.02"]
[Round "2"]
[White "beatles_22"]
[Black "hansen"]
[Result "0-1"]
[WhiteElo "2629"]
[BlackElo "2811"]
[TimeControl "180+2"]
[EndTime "14:25:03 PDT"]
[Termination "hansen won by resignation"]

1. d4 Nf6 2. c4 e6 3. Nf3 d5 4. e3 Bb4+ 5. Nbd2 Be7 6. Bd3 O-O 7. O-O c5 8. dxc5 Na6 9. a3 Nxc5 10. Bc2 a5 11.
cxd5 Qxd5 12. Nb3 Qh5 13. Nxc5 Bxc5 14. h3 b6 15. Nd4 Qe5 16. Qf3 Ba6 17. Rd1 Qc7 18.
Ba4 Rfd8 19. Bd2 Bxd4 20. exd4 Bb7 21. Qe3 Qd6 22. Be1 Rac8 23. f3 Nd5 24. Qe5 Qe7 25. Rac1 h6 26. Bg3 Nf6 27. Kh2 Bd5 28. Rc7 Qf8 29. Rdc1 Rb8 30. Ra7 b5 31. Bd1 Bc4 32.
Bh4 Nd7 33. Qc7 g5 34. Bg3 Nb6 35. Qe5 a4 36. Be2 Rbc8 37. Bxc4 Nxc4 38. Qf6 Rd5 39. Be5 Nxe5 40. Rxc8 Qxc8 41. dxe5 Qf8 42. Rb7 Rd8 43.
Rc7 Rc8 44. Rd7 Rb8 45. Rd6 Qg7 46. Qxg7+ Kxg7 47. Rd4 Rc8 48. Re4 Rc2 49. Rb4 Rc5 50. Re4 Kg6 51. Kg3 Kf5 52. Rb4 Rxe5 53. b3 axb3 54. Rxb3 h5 55. h4 gxh4+ 56. Kxh4 Kf4 57. Rb4+ Ke3 58. a4 bxa4 59. Rxa4 Rd5 60. Re4+ Kf2 61.
Rf4 f5 62. g4 Ke3 63. Ra4 hxg4 64. fxg4 f4 65. g5 f3 66. g6 f2 67. Ra1 Kf3 68. g7 Rd8 69. Kg5 e5 70. Ra3+ Kg2 71. Ra2 Rg8 72.
Kf6 e4 73. Re2 Kf3 74. Rxe4 Kxe4 0-1

[Event "*** Titled Tuesday Blitz"]
[Site "Chess.com"]
[Date "2019.04.02"]
[Round "2"]
[White "Benjoneliere44"]
[Black "INDIAN-ELEPHANT"]
[Result "1/2-1/2"]
[WhiteElo "2461"]
[BlackElo "2705"]
[TimeControl "180+2"]
[EndTime "14:25:03 PDT"]
[Termination "Game drawn by agreement"]

1. d4 Nf6 2. Bf4 e6 3. e3 c5 4. c3 Nc6 5. Nf3 Qb6 6. Qb3 Qxb3 7. axb3 Nh5 8. Bc7 d6 9. dxc5 dxc5 10. h3 Nf6 11. Nbd2 Nd5 12. Bg3 Be7 13. Nc4 f5 14. Nd6+ Bxd6 15. Bxd6 b6 16. Ne5 Nxe5 17. Bxe5 O-O 18. Bc4 Bb7 19. Ke2 a6 20. f3 b5 21. Bd3 Rac8 22. Bc2 Rfd8 23. Rhd1 Kf7 24. Rd2 Ne7 25. Rad1 Rxd2+ 26. Rxd2 Bc6 27. Bd6 Be8 28. b4 cxb4 29. Bxb4 Nd5 30. Ba5 Bc6 31. Bb3 Ke7 32. Kf2 g5 33. g4 f4 34. Bxd5 fxe3+ 35. Kxe3 Bxd5 36. Bb4+ Kf6 37. Bd6 a5 38. Bg3 a4 39.
Rd4 a3 40. bxa3 Rxc3+ 41. Rd3 Rxd3+ 42. Kxd3 Bxf3 43. Kd4 Bg2 44. h4 h6 45. Kc5 Bf1 46. Bf2 Be2 47. Bd4+ e5 48. Bf2 gxh4 49. Bxh4+ Kg6 50.
Kd6 e4 51. Ke5 Bf3 52. Kf4 Bg2 53. Bf2 Kf6 54. Be3 Kg6 55. Bd4 Bf3 56. Be3 Bd1 57.
Kg3 Be2 58. Kf4 Bd1 59. Kg3 Be2 60. Kf4 h5 61. gxh5+ Kxh5 62. Bc5 Bd1 63. Ke3 Bc2 64. Bb4 Kg4 65. Bc5 Kf5 66. Bb4 Ke5 67. Bc5 Ke6 68. Bb4 Kd5 69. Bd2 Bd3 70. Bb4 Kc4 71. Bf8 Kb3 72. Be7 Ka4 73. Bf8 Ka5 74. Bb4+ Ka6 75.
Bd6 Kb6 76. Bb4 Kc6 77. Bf8 Kd5 78. Bb4 Kc4 79. Bf8 Kb3 80. Bb4 Ka4 81. Bc5 Ka5 82.
Bb4+ Ka6 83. Bc5 b4 84. axb4 Kb5 85. Be7 Kc6 1/2-1/2

[Event "*** Titled Tuesday Blitz"]
[Site "Chess.com"]
[Date "2019.04.02"]
[Round "2"]
[White "Gahan-MG"]
[Black "Durarbayli"]
[Result "1/2-1/2"]
[WhiteElo "2560"]
[BlackElo "2754"]
[TimeControl "180+2"]
[EndTime "14:25:09 PDT"]
[Termination "Game drawn - insufficient material"]

1. e4 e5 2. Nf3 Nc6 3. d4 exd4 4. Nxd4 Qf6 5. Nxc6 Bc5 6. Qd2 dxc6 7. Nc3 Ne7 8. Na4 Bd4 9. c3 Bb6 10. Nxb6 axb6 11.
Qf4 Qe6 12. Be2 O-O 13. O-O Ng6 14. Qxc7 Qxe4 15. Bf3 Qc4 16. Qxb6 Nh4 17. Qd4 Nxf3+ 18. gxf3 Qb5 19. Re1 Qh5 20. Qf4 Ra5 21. Qg3 Be6 22. Bf4 Rf5 23. Re5 Rxe5 24. Bxe5 f6 25. Bd6 Re8 26.
Re1 Bxa2 27. Rxe8+ Qxe8 28. Qf4 Bd5 29. Bc5 Qg6+ 30.
Qg4 Qb1+ 31. Kg2 h6 32. Qc8+ Kh7 33. b4 Qd3 34. Qg4 f5 35. Qf4 g5 36. Qc7+ Kg6 37. Qd6+ Kh5 38. Qg3 g4 39. Qf4 Bxf3+ 40. Kg3 Be4+ 41.
Be3 Kg6 42. Qxh6+ Kf7 43. Qh7+ Ke6 44. Qxb7 Qxc3 45. Qc8+ Kd5 46. Qd7+ Kc4 47. Qe6+ Kd3 48. Qd6+ Ke2 49. Qc5 Qd3 50. Kf4 Bd5 51. Qd4 Qc2 52.
Qe5 Be4 53. Qd4 Kf1 54. Kg3 Ke2 55. h3 gxh3 56. Kxh3 Qb1 57. Kg3 Qg1+ 58. Kf4 Qh2+ 59. Kg5 Qg1+ 60. Kf6 Kf3 61. Qe5 Qg4 62. Ke7 Qh4+ 63.
Kd6 f4 64. Bd4 Qd8+ 65. Kc5 Qh4 66. b5 cxb5 67. Kxb5 Bd3+ 68. Kc5 Be4 69. Qf6 Qh5+ 70. Be5 Bf5 71. Kd6 Qg4 72. Bd4 Kg2 73. Qe5 f3 74. Qg3+ Qxg3+ 75. fxg3 Kxg3 76. Ke5 Bd3 77. Be3 f2 78. Bxf2+ 1/2-1/2

[Event "*** Titled Tuesday Blitz"]
[Site "Chess.com"]
[Date "2019.04.02"]
[Round "2"]
[White "Yurovskykh_Oleksandr"]
[Black "IakovUlivar"]
[Result "1-0"]
[WhiteElo "2515"]
[BlackElo "2521"]
[TimeControl "180+2"]
[EndTime "14:25:19 PDT"]
[Termination "Yurovskykh_Oleksandr won by resignation"]

1. d4 Nf6 2. Nf3 d5 3. c3 e6 4. Bf4 c5 5. e3 Nc6 6. Nbd2 Be7 7. Ne5 Nd7 8. Nxd7 Bxd7 9. Bd3 Qb6 10. Rb1 cxd4 11.
exd4 Nxd4 12. Be3 Bc5 13. cxd4 Bxd4 14. Bxd4 Qxd4 15. Nf3 Qb4+ 16. Qd2 Qxd2+ 17. Kxd2 Ke7 18. Rbc1 Kd6 19. Nd4 e5 20. Nb5+ Bxb5 21. Bxb5 Rac8 22. Rxc8 Rxc8 23. Rc1 Rxc1 24. Kxc1 Kc5 25. Be8 f5 26. g3 Kd4 27. Kd2 g5 28. Bd7 f4 29.
g4 h6 30. Bc8 b6 31. Be6 e4 32.
Ke2 a5 33. f3 Ke5 34. Bg8 Kd4 35. a4 Ke5 36. Bf7 Kd4 37. Be8 Ke5 38. Bc6 Kd4 39. Bb5 Ke5 40. Kd2 Kd4 41. Be2 Kc5 42. Kc3 d4+ 43. Kd2 Kd5 44. Ba6 Ke5 45. Bb7 e3+ 46.
Kd3 Kd6 47. Ba6 Kc5 48. b3 Kb4 49. Bc4 Kc5 50. h3 Kb4 51. Kxd4 Ka3 52. Kd5 Kb4 53. Kc6 b5 54. axb5 a4 55. b6 axb3 56.
b7 Kxc4 57. b8=Q Kc3 58. Kc5 b2 59. Qb4+ Kc2 60. Qc4+ Kd2 61. Qb3 Ke2 62. Qxb2+ Kxf3 63. Kd4 e2 64. Qd2 Kf2 65. Kd3 f3 66. Qe3+ Kg2 67.
Kd2 Kg3 68. Ke1 Kg2 69. Qf2+ Kxh3 70. Qxf3+ Kh4 71. Kxe2 1-0

[Event "*** Titled Tuesday Blitz"]
[Site "Chess.com"]
[Date "2019.04.02"]
[Round "2"]
[White "Orest_Vovk"]
[Black "pedroholly22"]
[Result "1/2-1/2"]
[WhiteElo "2322"]
[BlackElo "2267"]
[TimeControl "180+2"]
[EndTime "14:25:19 PDT"]
[Termination "Game drawn - insufficient material"]

1. h4 d5 2. h5 e5 3. h6 Nxh6 4. d4 Nc6 5. Bxh6 gxh6 6. dxe5 Nxe5 7. Nf3 Nxf3+ 8. gxf3 Bg7 9. c3 Bf5 10. Qa4+ Qd7 11. Qxd7+ Kxd7 12. Bh3 Be6 13. Bxe6+ fxe6 14. f4 Rhf8 15. e3 Rf6 16. Nd2 Rg6 17. Ke2 Bf6 18.
Nf3 Rag8 19. Rh5 Bg7 20. Rd1 c6 21. Rdh1 b5 22. Ne5+ Bxe5 23. fxe5 Ke7 24. Rxh6 Rxh6 25. Rxh6 Rg7 26. a4 bxa4 27. Rh4 Kf7 28. Rxa4 Kg6 29.
Ra6 Rc7 30. f4 h5 31. Kf3 Kf5 32. Ra1 Rg7 33. Rh1 Kg6 34. b4 Rh7 35. Rg1+ Kf7 36. Ra1 Ke8 37. Ra6 Rc7 38. Kg3 Kf7 39. Ra1 Kg6 40.
Kf3 Kh6 41. Ra2 Kg6 42. Ra6 Kf5 43. Ra1 Rg7 44. Rh1 Kg6 45. Rg1+ Kh6 46. Ra1 h4 47. Ra6 h3 48. Ra1 Kh5 49. f5 exf5 50. Kf4 Kh4 51. Kxf5 h2 52. Rh1 Kh3 53. Kf6 Rg3 54. e6 Rxe3 55.
e7 Kg2 56. Ra1 h1=Q 57. Rxh1 Kxh1 58. Kf7 Kg1 59. e8=Q Rxe8 60. Kxe8 Kf2 61. Kd7 Ke3 62. Kxc6 Kd3 63. Kxd5 Kxc3 64. Kc5 Kb3 65. Kb5 Ka3 66. Ka5 Kb3 67. Kb5 Ka3 68. Kc4 Ka4 69. Kc5 Ka3 70. Kb5 Kb3 71. Ka5 Kc4 72. Ka4 Kc3 73. b5 Kc4 74.
Ka5 Kc5 75. Ka6 Kc4 76. b6 axb6 77. Kxb6 1/2-1/2

[Event "*** Titled Tuesday Blitz"]
[Site "Chess.com"]
[Date "2019.04.02"]
[Round "2"]
[White "Korchmar_Vasiliy"]
[Black "mikhaillushenkov"]
[Result "1/2-1/2"]
[WhiteElo "2760"]
[BlackElo "2656"]
[TimeControl "180+2"]
[EndTime "14:25:30 PDT"]
[Termination "Game drawn by agreement"]

1. d4 Nf6 2. c4 e6 3. g3 d5 4. Bg2 c6 5. Nf3 Nbd7 6. O-O Bd6 7. Nfd2 O-O 8. Nc3 Be7 9. e4 dxe4 10. Ndxe4 Nxe4 11. Bxe4 e5 12. dxe5 Nxe5 13. Bxh7+ Kxh7 14. Qh5+ Kg8 15. Qxe5 Bf6 16. Qh5 Qd3 17. Bf4 Be6 18.
Rfe1 Bxc3 19. bxc3 Qxc4 20. Be5 f6 21. Bd4 b6 22.
Rad1 Qxa2 23. Be3 Bd5 24. Rd4 Rae8 25. Rh4 Qc2 26. c4 Be6 27. Ra1 Re7 28. Bf4 Rd7 29.
Be3 Qf5 30. Qe2 Rfd8 31. Re1 Qd3 32. Bxb6 Qxe2 33. Rxe2 Rd1+ 34. Kg2 Re8 35. Rhe4 axb6 36. Rxe6 Rxe6 37. Rxe6 b5 38. Rxc6 bxc4 39. Rxc4 Rd3 40.
h4 Kf7 41. Rc7+ Kg6 42. Rc5 Kh6 43. f3 g5 44. hxg5+ fxg5 45. Rc6+ Kg7 46. Rb6 Rc3 47. Rb5 Kg6 48. Rb6+ Kg7 49. Re6 Rd3 50. Kf2 Ra3 51. Re3 Ra2+ 52. Re2 Ra3 53. Rd2 Rb3 54. Ke2 Kf6 55.
Rd3 Rb1 56. Ke3 Re1+ 57. Kf2 Rb1 58. Rd6+ Kf5 59. Rd5+ Kf6 60. g4 Ra1 61. Rf5+ Kg6 62. Re5 Kf6 63. Re2 Rb1 64. Rc2 Ra1 65. Ke3 Ra3+ 66. Ke4 Ra4+ 67. Kd3 Ra3+ 68. Rc3 Ra4 69.
Rc6+ Kg7 70. Rc4 Ra8 71. Rc5 Kf6 72. Rc6+ Kg7 73. Ke4 Re8+ 74. Kf5 Rf8+ 75. Kxg5 Rxf3 76. Rc7+ Kg8 77. Kg6 Rf8 78. g5 Ra8 79. Kh6 Rb8 80. g6 Ra8 81. Rg7+ Kh8 82. Rh7+ Kg8 83. Rg7+ 1/2-1/2

[Event "*** Titled Tuesday Blitz"]
[Site "Chess.com"]
[Date "2019.04.02"]
[Round "2"]
[White "jlandaw"]
[Black "Rap_woyska"]
[Result "0-1"]
[WhiteElo "2417"]
[BlackElo "2535"]
[TimeControl "180+2"]
[EndTime "14:25:38 PDT"]
[Termination "Rap_woyska won by resignation"]

1. e4 c5 2. Nc3 e6 3. g3 Nc6 4. Bg2 a6 5. d3 b5 6. a3 Bb7 7. f4 d6 8. Nf3 Be7 9. O-O Nf6 10.
h3 h5 11. Be3 Qc7 12. Qd2 Rd8 13. Rae1 O-O 14. Ng5 d5 15. exd5 exd5 16. Bf2 d4 17.
Nce4 Nb8 18. Qd1 h4 19. gxh4 Rfe8 20. Bg3 Bc8 21. Nxf6+ Bxf6 22. Qh5 Bf5 23. Rxe8+ Rxe8 24. Nxf7 g6 25. Nh6+ Kh7 26. Ng4+ gxh5 27. Nxf6+ Kg6 28. Nxe8 Qe7 29. Re1 Qd8 30. Be4 Nd7 31. Bxf5+ Kxf5 32. Nd6+ Kg6 33. Re6+ Kh7 34. Nf7 Qf8 35. Ng5+ Kg7 36.
Kg2 Qf5 37. Re7+ Kg8 38. Kf3 Nf6 39. Re5 Qd7 40. f5 Nd5 41. Ne4 Kf7 42. Nxc5 Qc6 43. Ne4 Ne3 44. Kf4 Nd5+ 45. Kg5 Kg7 46. f6+ Nxf6 47.
Re7+ Kf8 48. Re5 Nxe4+ 49. Rxe4 Kg7 50. Be5+ Kh7 51. Bxd4 Qg6+ 52. Kf4 Qf7+ 53. Ke3 Qa2 54. Re7+ Kg6 55. Kf4 Qd5 56. Rg7+ Kh6 57. Rg5 Qxd4+ 58.
Kf3 Qxb2 59. Rc5 Qxa3 60. Rc6+ Kg7 61. Kf4 Qb4+ 62. Kf5 Qf8+ 63. Kg5 Qe7+ 64. Kf4 Qf7+ 65. Ke4 Qe8+ 66. Kd5 Qd7+ 67. Rd6 Qb7+ 68. Ke6 Qf3 69. Ke5 Qg3+ 70. Kd5 Qxh3 71. Rxa6 Qxh4 72. Ra7+ Kg6 73. Ke5 Qg3+ 74. Kd5 h4 0-1

[Event "*** Titled Tuesday Blitz"]
[Site "Chess.com"]
[Date "2019.04.02"]
[Round "2"]
[White "GMKrikor"]
[Black "vpsetter"]
[Result "1-0"]
[WhiteElo "2750"]
[BlackElo "2658"]
[TimeControl "180+2"]
[EndTime "14:25:41 PDT"]
[Termination "GMKrikor won by resignation"]

1. Nf3 Nf6 2. c4 e6 3. g3 d5 4. Bg2 dxc4 5. Qa4+ Nbd7 6. Qxc4 c5 7. O-O b6 8. d3 Bb7 9. Qc2 Be7 10. b3 O-O 11.
Bb2 Nd5 12. a3 Bf6 13. Nbd2 Bxb2 14. Qxb2 N5f6 15. b4 Qe7 16. Rab1 Rac8 17. Rfc1 cxb4 18. axb4 Nd5 19. b5 Nc5 20. Qa3 Ba8 21. d4 Ne4 22.
Qxe7 Nxe7 23. Nxe4 Bxe4 24. Ra1 Rxc1+ 25. Rxc1 Rc8 26.
Ra1 Rc7 27. Ne5 Bxg2 28. Kxg2 f6 29. Nd3 Nc8 30. e3 Nd6 31. Rb1 Rc3 32. Nb4 Nxb5 33. Nd5 exd5 34. Rxb5 Kf7 35. Rxd5 Ke6 36. e4 Rb3 37. f4 a5 38. f5+ Ke7 39. e5 a4 40.
e6 Ke8 41. Rd7 Rb5 42. d5 a3 43. d6 Rd5 44. Re7+ Kd8 45. Ra7 Rxd6 46. Rxa3 Rd5 47. Ra8+ Ke7 48. Ra7+ Kf8 49. g4 h5 50. h3 hxg4 51.
hxg4 Rd4 52. Kf3 Rd5 53. Rf7+ Kg8 54. Ke4 Re5+ 55. Kd4 Kh7 56. Rb7 b5 57. Rd7 Kh6 58. Rd5 Re1 59. Rxb5 Kg5 60. Rb7 Kxg4 61. Rxg7+ Kxf5 62. e7 Re2 63. Kd5 Kf4 64. Kd6 f5 65. Kd7 Rd2+ 66.
Ke6 Re2+ 67. Kf6 Re1 68. Rh7 Kg4 69. Rg7+ Kf4 70. Rg8 Rxe7 71. Kxe7 Ke3 72. Kf6 f4 73.
Kg5 f3 74. Re8+ Kf2 75. Kf4 1-0